| TOP OF THE 1ST |
|
Kane County Cougars batting - Pitching for Lakewood BlueClaws : RHP Shamar Hansford
|
|
Pitching: RHP Shamar Hansford
|
|
|
Batting: LHB Jeff Trapp
|
0-0: Called Strike 0-1: Foul Ball, location: 2F 0-2: Strikes out swinging
|
|
Batting: RHB Ernesto Zamora
|
0-0: DOUBLE (Flyball, 89D, EV 106.9 MPH)
|
|
Batting: RHB Chad Mendoza
|
0-0: Swinging Strike 0-1: DOUBLE (Line Drive, 78M, EV 93.8 MPH) Ernesto Zamora scores
|
|
Batting: RHB Longfellow Wetzler
|
0-0: Fly out, F8 (Flyball, 8RD, EV 96.9 MPH)
|
|
Batting: RHB Bobby Coulombe
|
0-0: Ball 1-0: Ground out 5-3 (Groundball, 5, EV 81.2 MPH)
|
| Top of the 1st over - 1 run, 2 hits, 0 errors, 1 left on base; Kane County 1 - Lakewood 0 |
| BOTTOM OF THE 1ST |
|
Lakewood BlueClaws batting - Pitching for Kane County Cougars : LHP Drew Huckeba
|
|
Pitching: LHP Drew Huckeba
|
|
|
Batting: LHB Jonathan Roman
|
0-0: Swinging Strike 0-1: Ball 1-1: Called Strike 1-2: Ball 2-2: Strikes out swinging
|
|
Batting: SHB Steve DeRienzo
|
0-0: Called Strike 0-1: Foul Ball, location: 2F 0-2: Fly out, F9 (Flyball, 9, EV 86.9 MPH)
|
|
Batting: RHB Alan Weller
|
0-0: SINGLE (Line Drive, 4MD, EV 94.4 MPH)
|
|
Batting: RHB Mike Maserang
|
0-0: Called Strike 0-1: SINGLE (Groundball, 4MD, EV 95.6 MPH) Alan Weller to second Runner from 2nd tries for 3rd, SAFE, throw by CF made to third
|
|
Batting: RHB Juan Valadez
|
0-0: Swinging Strike 0-1: Swinging Strike 0-2: Strikes out swinging
|
| Bottom of the 1st over - 0 runs, 2 hits, 0 errors, 2 left on base; Kane County 1 - Lakewood 0 |
| TOP OF THE 2ND |
|
Kane County Cougars batting - Pitching for Lakewood BlueClaws : RHP Shamar Hansford
|
|
Batting: RHB Cesar Rendon
|
0-0: Ball 1-0: Ball 2-0: DOUBLE (Line Drive, 5D, EV 97.5 MPH)
|
|
Batting: RHB Sergio Manzanero
|
0-0: Swinging Strike 0-1: Called Strike 0-2: Ball 1-2: Foul Ball, location: 2F 1-2: Ball 2-2: Foul Ball, location: 2F 2-2: Ball 3-2: Base on Balls
|
|
Batting: RHB John Ricketts
|
0-0: Called Strike 0-1: Called Strike 0-2: Ball 1-2: Fielders Choice at 2nd, 6-4 (Groundball, 6, EV 88.8 MPH) Cesar Rendon to third
|
|
Batting: RHB Jeremy Adams
|
0-0: Ball 1-0: Fly out, F8 (Flyball, 8RM, EV 90.6 MPH)
|
|
Batting: LHB Jeff Trapp
|
0-0: Ball 1-0: Swinging Strike 1-1: Swinging Strike 1-2: Ball 2-2: Strikes out swinging
|
| Top of the 2nd over - 0 runs, 1 hit, 0 errors, 2 left on base; Kane County 1 - Lakewood 0 |
| BOTTOM OF THE 2ND |
|
Lakewood BlueClaws batting - Pitching for Kane County Cougars : LHP Drew Huckeba
|
|
Batting: LHB Josh George
|
0-0: Ball 1-0: Called Strike 1-1: Ground out 6-3 (Groundball, 6S, EV 89.4 MPH)
|
|
Batting: RHB Kyle Reilly
|
0-0: Ball 1-0: SOLO HOME RUN (Flyball, 78XD, EV 107.5 MPH), Distance : 402 ft
|
|
Batting: LHB Eric Farren
|
0-0: Fly out, F8 (Flyball, 89M, EV 95.6 MPH)
|
|
Batting: RHB Trent Hedrick
|
0-0: Ball 1-0: Swinging Strike 1-1: Foul Ball, location: 2F 1-2: Foul Ball, location: 2F 1-2: Strikes out swinging
|
| Bottom of the 2nd over - 1 run, 1 hit, 0 errors, 0 left on base; Kane County 1 - Lakewood 1 |
| TOP OF THE 3RD |
|
Kane County Cougars batting - Pitching for Lakewood BlueClaws : RHP Shamar Hansford
|
|
Batting: RHB Ernesto Zamora
|
0-0: Ground out 1-3 (Groundball, 13S, EV 70.0 MPH)
|
|
Batting: RHB Chad Mendoza
|
0-0: Ball 1-0: Swinging Strike 1-1: Foul Ball, location: 2F 1-2: Foul Ball, location: 2F 1-2: Foul Ball, location: 2F 1-2: Ball 2-2: Foul Ball, location: 2F 2-2: Ball 3-2: Fly out, F9 (Flyball, 9LS, EV 88.8 MPH)
|
|
Batting: RHB Longfellow Wetzler
|
0-0: Foul Ball, location: 2F 0-1: Swinging Strike 0-2: Fly out, F9 (Line Drive, 9S, EV 91.2 MPH)
|
| Top of the 3rd over - 0 runs, 0 hits, 0 errors, 0 left on base; Kane County 1 - Lakewood 1 |
| BOTTOM OF THE 3RD |
|
Lakewood BlueClaws batting - Pitching for Kane County Cougars : LHP Drew Huckeba
|
|
Batting: LHB Jonathan Roman
|
0-0: Called Strike 0-1: Ball 1-1: Ball 2-1: Called Strike 2-2: Ball 3-2: Strikes out looking
|
|
Batting: SHB Steve DeRienzo
|
0-0: Ball 1-0: Foul Ball, location: 2F 1-1: Called Strike 1-2: Ball 2-2: Strikes out swinging
|
|
Batting: RHB Alan Weller
|
0-0: Called Strike 0-1: Called Strike 0-2: Foul Ball, location: 2F 0-2: Ball 1-2: Ball 2-2: Fly out, F7 (Line Drive, 7S, EV 95.0 MPH)
|
| Bottom of the 3rd over - 0 runs, 0 hits, 0 errors, 0 left on base; Kane County 1 - Lakewood 1 |
| TOP OF THE 4TH |
|
Kane County Cougars batting - Pitching for Lakewood BlueClaws : RHP Shamar Hansford
|
|
Batting: RHB Bobby Coulombe
|
0-0: Ball 1-0: Called Strike 1-1: DOUBLE (Groundball, 5L, EV 104.4 MPH)
|
|
Batting: RHB Cesar Rendon
|
0-0: Ball 1-0: Fly out, F7 (Flyball, 7, EV 90.6 MPH)
|
|
Batting: RHB Sergio Manzanero
|
0-0: Swinging Strike 0-1: Foul Ball, location: 2F 0-2: SINGLE (Groundball, 56D, EV 103.1 MPH) Bobby Coulombe to third Runner from 3rd tries for Home, SAFE, throw by LF to home
|
|
Batting: RHB John Ricketts
|
0-0: Called Strike 0-1: Foul Ball, location: 2F 0-2: Ball 1-2: Strikes out swinging
|
|
Batting: RHB Jeremy Adams
|
0-0: Foul Ball, location: 2F 0-1: Ball 1-1: Ball 2-1: Fielders Choice at 2nd, 6-4 (Groundball, 6, EV 105.6 MPH)
|
| Top of the 4th over - 1 run, 2 hits, 0 errors, 1 left on base; Kane County 2 - Lakewood 1 |
| BOTTOM OF THE 4TH |
|
Lakewood BlueClaws batting - Pitching for Kane County Cougars : LHP Drew Huckeba
|
|
Batting: RHB Mike Maserang
|
0-0: Ground out 5-3 (Groundball, 56S, EV 85.6 MPH)
|
|
Batting: RHB Juan Valadez
|
0-0: Ball 1-0: Ball 2-0: Ground out 5-3 (Groundball, 56, EV 80.0 MPH)
|
|
Batting: LHB Josh George
|
0-0: Ball 1-0: Ball 2-0: Called Strike 2-1: Foul Ball, location: 2F 2-2: Ball 3-2: SINGLE (Groundball, 34D, EV 106.9 MPH)
|
|
Batting: RHB Kyle Reilly
|
0-0: Ball 1-0: Foul Ball, location: 2F 1-1: Foul Ball, location: 2F 1-2: Ball 2-2: Foul Ball, location: 2F 2-2: Ball 3-2: Foul Ball, location: 2F 3-2: Base on Balls Josh George to second
|
|
Batting: LHB Eric Farren
|
0-0: SINGLE (Groundball, 56S, EV 70.0 MPH) (infield hit) Josh George to third Kyle Reilly to second
|
|
Batting: RHB Trent Hedrick
|
0-0: Foul Ball, location: 2F 0-1: Ball 1-1: Ball 2-1: Foul Ball, location: 2F 2-2: Foul Ball, location: 2F 2-2: Ball 3-2: Foul Ball, location: 2F 3-2: Strikes out looking
|
| Bottom of the 4th over - 0 runs, 2 hits, 0 errors, 3 left on base; Kane County 2 - Lakewood 1 |
| TOP OF THE 5TH |
|
Kane County Cougars batting - Pitching for Lakewood BlueClaws : RHP Shamar Hansford
|
|
Batting: LHB Jeff Trapp
|
0-0: Swinging Strike 0-1: Ball 1-1: Foul Ball, location: 2F 1-2: Ground out 6-3 (Groundball, 6M, EV 86.9 MPH)
|
|
Batting: RHB Ernesto Zamora
|
0-0: Fly out, F8 (Flyball, 8RD, EV 82.5 MPH)
|
|
Batting: RHB Chad Mendoza
|
0-0: Called Strike 0-1: Ground out 5-3 (Groundball, 5S, EV 85.6 MPH)
|
| Top of the 5th over - 0 runs, 0 hits, 0 errors, 0 left on base; Kane County 2 - Lakewood 1 |
| BOTTOM OF THE 5TH |
|
Lakewood BlueClaws batting - Pitching for Kane County Cougars : LHP Drew Huckeba
|
|
Batting: LHB Jonathan Roman
|
0-0: Ball 1-0: Ball 2-0: Swinging Strike 2-1: Ground out U3 (Groundball, 3L, EV 89.4 MPH)
|
|
Batting: SHB Steve DeRienzo
|
0-0: Ball 1-0: Swinging Strike 1-1: Ball 2-1: Ball 3-1: SINGLE (Flyball, 89S, EV 98.8 MPH)
|
|
Batting: RHB Alan Weller
|
0-0: Ball 1-0: Fly out, F9 (Flyball, 9LSF, EV 88.8 MPH)
|
|
Batting: RHB Mike Maserang
|
0-0: Swinging Strike 0-1: Called Strike 0-2: Ball 1-2: Foul Ball, location: 2F 1-2: Ball 2-2: SINGLE (Line Drive, 4M, EV 109.4 MPH) Steve DeRienzo to second
|
|
Batting: RHB Juan Valadez
|
0-0: Ball 1-0: Fly out, F3 (Popup, 3L, EV 55.0 MPH)
|
| Bottom of the 5th over - 0 runs, 2 hits, 0 errors, 2 left on base; Kane County 2 - Lakewood 1 |
| TOP OF THE 6TH |
|
Kane County Cougars batting - Pitching for Lakewood BlueClaws : RHP Shamar Hansford
|
|
Batting: RHB Longfellow Wetzler
|
0-0: Called Strike 0-1: DOUBLE (Groundball, 5L, EV 107.5 MPH)
|
|
Batting: RHB Bobby Coulombe
|
0-0: Ball 1-0: Ball 2-0: Ground out 6-3 (Groundball, 6, EV 101.9 MPH)
|
|
Batting: RHB Cesar Rendon
|
0-0: Called Strike 0-1: Called Strike 0-2: Foul Ball, location: 2F 0-2: Foul Ball, location: 2F 0-2: Ball 1-2: Ball 2-2: Fly out, F9 (Flyball, 9, EV 92.5 MPH)
|
|
Batting: RHB Sergio Manzanero
|
0-0: DOUBLE (Flyball, 89D, EV 91.9 MPH) Longfellow Wetzler scores
|
|
Batting: RHB John Ricketts
|
0-0: Ground out 5-3 (Groundball, 56S, EV 86.2 MPH)
|
| Top of the 6th over - 1 run, 2 hits, 0 errors, 1 left on base; Kane County 3 - Lakewood 1 |
| BOTTOM OF THE 6TH |
|
Lakewood BlueClaws batting - Pitching for Kane County Cougars : LHP Drew Huckeba
|
|
Batting: LHB Josh George
|
0-0: Ball 1-0: Ground out U3 (Groundball, 34, EV 91.2 MPH)
|
|
Batting: RHB Kyle Reilly
|
0-0: Ball 1-0: Swinging Strike 1-1: Ground out 5-3 (Groundball, 56, EV 103.1 MPH)
|
|
Batting: LHB Eric Farren
|
0-0: Ball 1-0: Called Strike 1-1: Swinging Strike 1-2: Strikes out swinging
|
| Bottom of the 6th over - 0 runs, 0 hits, 0 errors, 0 left on base; Kane County 3 - Lakewood 1 |
| TOP OF THE 7TH |
|
Kane County Cougars batting - Pitching for Lakewood BlueClaws : RHP Shamar Hansford
|
|
Batting: RHB Jeremy Adams
|
0-0: Ball 1-0: Ball 2-0: Ball 3-0: Called Strike 3-1: Ground out 6-3 (Groundball, 6S, EV 75.6 MPH)
|
|
Pitching: LHP Mike Aldrich
|
|
|
Batting: LHB Jeff Trapp
|
0-0: Called Strike 0-1: Foul Ball, location: 2F 0-2: Ball 1-2: Foul Ball, location: 2F 1-2: Strikes out looking
|
|
Pitching: RHP Alec Guglielmo
|
|
|
Batting: RHB Ernesto Zamora
|
0-0: Ball 1-0: Swinging Strike 1-1: Ground out 5-3 (Groundball, 5L, EV 89.4 MPH)
|
| Top of the 7th over - 0 runs, 0 hits, 0 errors, 0 left on base; Kane County 3 - Lakewood 1 |
| BOTTOM OF THE 7TH |
|
Lakewood BlueClaws batting - Pitching for Kane County Cougars : LHP Drew Huckeba
|
|
Batting: RHB Trent Hedrick
|
0-0: Ground out 6-3 (Groundball, 6, EV 89.4 MPH)
|
|
Batting: LHB Jonathan Roman
|
0-0: Called Strike 0-1: Ball 1-1: Foul Ball, location: 2F 1-2: Reached on error, E6 (Groundball, 6, EV 103.8 MPH)
|
|
Pitching: RHP Jaylen Hatten
|
|
|
Batting: SHB Steve DeRienzo
|
0-0: Ball 1-0: Ball Jonathan Roman steals 2nd base 2-0: SINGLE (Groundball, 5D, EV 103.8 MPH) Jonathan Roman to third
|
|
Batting: RHB Alan Weller
|
0-0: 3-RUN HOME RUN (Flyball, 7D, EV 95.6 MPH), Distance : 347 ft
|
|
Batting: RHB Mike Maserang
|
0-0: DOUBLE (Flyball, 89XD, EV 110.0 MPH)
|
|
Batting: RHB Juan Valadez
|
0-0: Called Strike 0-1: Fly out, F9 (Flyball, 89S, EV 97.5 MPH)
|
|
Batting: LHB Josh George
|
0-0: Called Strike 0-1: Called Strike 0-2: Strikes out swinging
|
| Bottom of the 7th over - 3 runs, 3 hits, 1 error, 1 left on base; Kane County 3 - Lakewood 4 |
| TOP OF THE 8TH |
|
Kane County Cougars batting - Pitching for Lakewood BlueClaws : RHP Alec Guglielmo
|
|
Pitching: RHP Lance Brisson
|
|
|
Batting: RHB Chad Mendoza
|
0-0: Foul Ball, location: 2F 0-1: Ball 1-1: Foul Ball, location: 2F 1-2: Foul Ball, location: 2F 1-2: Ball 2-2: SINGLE (Line Drive, 7S, EV 107.5 MPH)
|
|
Batting: RHB Longfellow Wetzler
|
0-0: Ball 1-0: Swinging Strike 1-1: Grounds into double play, 6-4-3 (Groundball, 6, EV 106.2 MPH)
|
|
Batting: RHB Bobby Coulombe
|
0-0: Called Strike 0-1: Ball 1-1: Swinging Strike 1-2: Ball 2-2: Strikes out swinging, 2-3 out at first.
|
| Top of the 8th over - 0 runs, 1 hit, 0 errors, 0 left on base; Kane County 3 - Lakewood 4 |
| BOTTOM OF THE 8TH |
|
Lakewood BlueClaws batting - Pitching for Kane County Cougars : RHP Jaylen Hatten
|
|
Batting: RHB Kyle Reilly
|
0-0: Ball 1-0: Called Strike 1-1: Fly out, F9 (Line Drive, 89D, EV 95.6 MPH)
|
|
Batting: LHB Eric Farren
|
0-0: Foul Ball, location: 2F 0-1: Fly out, F7 (Line Drive, 78M, EV 95.6 MPH)
|
|
Batting: RHB Trent Hedrick
|
0-0: Ball 1-0: Ball 2-0: Called Strike 2-1: Called Strike 2-2: Fly out, F8 (Flyball, 89S, EV 93.1 MPH)
|
| Bottom of the 8th over - 0 runs, 0 hits, 0 errors, 0 left on base; Kane County 3 - Lakewood 4 |
| TOP OF THE 9TH |
|
Kane County Cougars batting - Pitching for Lakewood BlueClaws : RHP Lance Brisson
|
|
Batting: RHB Cesar Rendon
|
0-0: Called Strike 0-1: Foul Ball, location: 2F 0-2: Strikes out swinging
|
|
Batting: RHB Sergio Manzanero
|
0-0: Ball 1-0: Called Strike 1-1: Ball 2-1: Called Strike 2-2: Strikes out swinging
|
|
Batting: RHB John Ricketts
|
0-0: Called Strike 0-1: Foul Ball, location: 2F 0-2: Ball 1-2: Ball 2-2: Ball 3-2: SINGLE (Groundball, 6S, EV 72.5 MPH) (infield hit)
|
|
Batting: RHB Jeremy Adams
|
0-0: Ball 1-0: Foul Ball, location: 2F 1-1: Ball 2-1: Ball Wild Pitch! John Ricketts to second 3-1: Ground out 3-1 (Groundball, 34, EV 100.6 MPH)
|
| Top of the 9th over - 0 runs, 1 hit, 0 errors, 1 left on base; Kane County 3 - Lakewood 4 |
|